 Dungeon Crawl Stone Soup version 0.29.1-15-g9cfb28693d (webtiles) character file.

Game seed: 12568173673911055381

130 protoss039 the Digger (level 4, -3/35 HPs)
             Began as a Demonspawn Earth Elementalist on Mar 14, 2023.
             Slain by Ijyb
             ... wielding a +0 dagger
              (5 damage)
             ... on level 3 of the Dungeon.
             The game lasted 00:02:37 (3276 turns).

protoss039 the Digger (DsEE)                        Turns: 3276, Time: 00:02:37

Health: -3/35      AC:  5    Str:  9    XL:     4   Next: 90%
Magic:  8/8        EV: 12    Int: 18    God:
Gold:   88         SH:  0    Dex: 13    Spells: 3/9 levels left

rFire   . . .      SeeInvis .   r - +0 whip (elec)
rCold   . . .      Faith    .   (no shield)
rNeg    . . .      Spirit   .   a - +0 robe
rPois   .          Reflect  .   (no helmet)
rElec   .          Harm     .   (no cloak)
rCorr   +          Rampage  .   c - +0 pair of gloves
Will    .....                   m - +0 pair of boots
Stlth   +.........              (no amulet)
HPRegen 0.11/turn               n - ring of resist corrosion
MPRegen 0.11/turn               (no ring)

@: confused
A: rugged brown scales 1, spiny 1
a: no special abilities


You were on level 3 of the Dungeon.
You visited 1 branch of the dungeon, and saw 3 of its levels.

You collected 88 gold pieces.

Inventory:

Hand Weapons
 r - a +0 whip of electrocution (weapon)
Armour
 a - a +0 robe (worn)
 c - a +0 pair of gloves (worn)
 m - a +0 pair of boots (worn)
Jewellery
 n - a ring of resist corrosion (left hand)
 o - a ring of fire
Scrolls
 d - a scroll of magic mapping {unknown}
 h - 2 scrolls of immolation {unknown}
 i - a scroll of summoning {unknown}
 j - a scroll of fog {unknown}
 k - a scroll of poison {unknown}
 q - a scroll of fear {unknown}
 s - a scroll of blinking {unknown}
 t - a scroll of silence {unknown}
Potions
 b - a potion of magic
 e - 2 potions of mutation {unknown}
 f - a potion of degeneration {unknown}
 g - 4 potions of curing {unknown}
 l - a potion of cancellation {unknown}
 p - a potion of flight {unknown}


   Skills:
 + Level 2.5 Fighting
 - Level 1.7 Dodging
 - Level 1.7 Stealth
 + Level 3.1 Spellcasting
 - Level 0.8 Transmutations
 + Level 3.6 Earth Magic


You had 3 spell levels left.
You knew the following spells:

 Your Spells              Type           Power      Damage    Failure   Level
a - Sandblast             Erth           32%        2d9       3%          1
b - Passwall              Tmut/Erth      8%         N/A       10%         2
c - Stone Arrow           Conj/Erth      18%        3d8       22%         3

Your spell library contained the following spells:

 Spells                   Type           Power      Damage    Failure   Level
 Ozocubu's Armour         Ice            2%         N/A       43%         3
 Petrify                  Tmut/Erth      10%        N/A       54%         4
 Ozocubu's Refrigeration  Ice            1%         4d7       100%        7


Dungeon Overview and Level Annotations

Branches:
Dungeon (3/15) Zot: 14674

Altars:

Annotations:
D:3 Ijyb


Innate Abilities, Weirdness & Mutations

You are partially covered in rugged brown scales. (AC +1, +3% HP)
You are partially covered in sharp spines.


Message History

There are monsters nearby!
You hit the jackal but do no damage. The goblin hits you with a +0 dagger.
The jackal is struck by your spines. The jackal barely misses you.
There are monsters nearby!
You barely miss the jackal.
The jackal is moderately wounded.
The jackal bites you but does no damage.
Ijyb zaps a wand.
The bolt of light hits you! The goblin hits you but does no damage.
The jackal is struck by your spines. The jackal bites you.
The goblin is struck by your spines.
You kill the goblin!
The goblin closely misses you.
You hit the jackal.
You kill the jackal!
The goblin hits you but does no damage.
Ijyb drinks a potion.
Ijyb seems to grow stronger.
Unknown command.
You hit the goblin.
You kill the goblin!
Unknown command.
Unknown command.
You hit Ijyb. Lightning courses through Ijyb!!
Ijyb is almost dead.
Ijyb zaps a wand.
The bolt of light hits you.
Unknown command.
You are too injured to fight recklessly!
Unknown command.
You are too injured to fight recklessly!
Unknown command.
You closely miss Ijyb.
Ijyb is almost dead.
Ijyb zaps a wand.
The bolt of light hits you!
You are confused.
* * * LOW HITPOINT WARNING * * *
Unknown command.
You're too confused to move!
Ijyb barely misses you.
Unknown command.
You're too confused to move!
Ijyb is struck by your spines. Ijyb hits you with a +0 dagger.
You die...

.##≈≈..#...#####
.#≈≈≈.)'...'..##+##
.#≈≈≈..#...#..#...#
.≈≈#########..#...#
.≈≈#..........#...#
...'..........#...#
...'..†.).....#...#
...'......(...#.g)#
.≈≈#..........#)@.#
.≈≈#########..##''#
##≈≈≈..#...#......#
#≈≈≈.g+...'......#
##≈≈..#...#......#
################


You could see Ijyb (strong).

Vanquished Creatures
  5 adders
  4 worms (D:2)
  2 dart slugs (D:1)
  An orc (D:3)
  5 bats
  10 endoplasms
  3 giant cockroaches
  9 goblins
  4 hobgoblins
  3 jackals (D:3)
  2 quokkas (D:1)
  5 ball pythons
  2 frilled lizards
  5 kobolds
  6 rats
66 creatures vanquished.

Notes
Turn   | Place    | Note
-------+----------+-------------------------------------------
     0 | D:1      | protoss039 the Demonspawn Earth Elementalist began the
                  | quest for the Orb.
     0 | D:1      | Reached XP level 1. HP: 13/13 MP: 3/3
   358 | D:1      | Gained mutation: You are partially covered in rugged brown
                  | scales. (AC +1, +3% HP) [demonic ancestry]
   358 | D:1      | Reached XP level 2. HP: 11/20 MP: 3/5
   532 | D:1      | Reached skill level 1 in Fighting
  1231 | D:1      | Found a faded altar of an unknown god.
  1553 | D:1      | Learned a level 2 spell: Passwall
  1567 | D:2      | Reached XP level 3. HP: 26/26 MP: 2/6
  2134 | D:2      | Gained mutation: You are partially covered in sharp spines.
                  | [demonic ancestry]
  2134 | D:2      | Reached XP level 4. HP: 33/33 MP: 5/8
  2802 | D:2      | Learned a level 3 spell: Stone Arrow
  3265 | D:3      | Noticed Ijyb
  3276 | D:3      | Slain by Ijyb

Illustrated notes

Levels and vault maps discovered:
D:1:      lemuel_arrival_behind_the_door_large, layout_loops_ring,
          ebering_ecumenical_altar_ruins, grunt_decor_one_mirror,
          hangedman_abyss_or_decor_lesser_grid, hex_medium
D:2:      minmay_wonky_spiral, layout_basic, kennysheep_minor_cross
D:3:      kennysheep_goblin_castle, layout_basic, mainiacjoe_overflow_alcove_4,
          kennysheep_nub, uniq_sigmund, uniq_ijyb

Skill      XL: |  1  2  3  4 |
---------------+-------------+-----
Fighting       | 1 2 |  2.5
Earth Magic    | 3 |  3.6
Spellcasting   | 3 |  3.1
Dodging        | |  1.7
Stealth        | |  1.7
Transmutations | |  0.8

Action                   |  1- 3 |  4- 6 || total
-------------------------+-------+-------++-------
Melee: Hand axe          |    40 |    40 ||    80
       Punch             |     1 |       ||     1
       Whip              |       |    24 ||    24
 Cast: Sandblast         |    48 |       ||    48
 Stab: Sleeping          |     2 |     5 ||     7
Armor: Robe              |    26 |    15 ||    41
Dodge: Dodged            |    44 |    29 ||    73
